 Dungeon Crawl Stone Soup version 0.31-a0-217-g58bb5d79cf (webtiles) character file.

Game seed: 846462420127346413

221 Ijustatesigmund the Stinger (level 5, -2/34 HPs)
             Began as an Octopode Venom Mage on July 3, 2023.
             Slain by an ogre
             ... wielding a +0 giant club
              (27 damage)
             ... on level 4 of the Dungeon.
             The game lasted 00:04:28 (3563 turns).

Ijustatesigmund the Stinger (Octopode Venom Mage)   Turns: 3563, Time: 00:04:28

Health: -2/34      AC:  1    Str:  7    XL:     5   Next: 98%
Magic:  8/9        EV: 13    Int: 19    God:
Gold:   113        SH:  5    Dex: 13    Spells: 0/10 levels left

rFire   . . .        e - +0 spear
rCold   . . .        (no shield)
rNeg    . . .        (helmet restricted)
rPois   .            h - amulet of reflection
rElec   .            (no ring)
rCorr   .            (no ring)
SInv    .            (no ring)
Will    .....        (no ring)
Stlth   +++          (no ring)
HPRegen 0.25/turn    (no ring)
MPRegen 0.11/turn    (no ring)
                     (no ring)

%: reflection
@: lethally poisoned (-2 -> -4)
A: almost no armour, amphibious, 8 rings, camouflage 1, gelatinous body 1,
(nimble swimmer 1), tentacles
a: no special abilities


You were on level 4 of the Dungeon.
You visited 1 branch of the dungeon, and saw 4 of its levels.

You collected 113 gold pieces.

Inventory:

Hand Weapons
 e - a +0 spear (weapon)
Missiles
 i - 2 silver javelins
Jewellery
 h - an amulet of reflection (around mantle)
Scrolls
 d - 2 scrolls of teleportation
Potions
 a - a potion of magic
 b - 2 potions of brilliance
 c - a potion of might {unknown}
 f - a potion of ambrosia {unknown}
 g - a potion of heal wounds {unknown}
 l - 2 potions of curing {unknown}
 o - 2 potions of cancellation {unknown}


   Skills:
 - Level 2.2 Fighting
 - Level 2.0 Dodging
 - Level 2.6 Stealth
 + Level 3.1 Spellcasting
 + Level 1.8 Conjurations
 - Level 1.0 Transmutations
 + Level 2.1 Air Magic
 + Level 4.9 Poison Magic


You couldn't memorise any spells.
You knew the following spells:

 Your Spells              Type           Power      Damage    Failure   Level
a - Sting                 Tmut/Pois      56%        1d5       4%          1
b - Poisonous Vapours     Pois/Air       32%        N/A       5%          2
c - Mephitic Cloud        Conj/Pois/Air  14%        N/A       13%         3
d - Olgreb's Toxic Radia  Pois           21%        N/A       21%         4

Your spell library contained the following spells:

 Spells                   Type           Power      Damage    Failure   Level
 Summon Guardian Golem    Hex/Summ       2%         N/A       41%         3
 Volatile Blastmotes      Fire/Tloc      4%         2d10      41%         3
 Fulminant Prism          Conj/Hex       3%         3d5       71%         4
 Iskenderun's Mystic Bla  Conj/Tloc      6%         2d4       71%         4
 Lee's Rapid Deconstruct  Erth           1%         3d4*      99%         5
 Orb of Destruction       Conj           4%         9d5       100%        7
 Spellforged Servitor     Conj/Summ      3%         N/A       100%        7


Dungeon Overview and Level Annotations

Branches:
Dungeon (4/15)
 Temple: D:4-7

Altars:
Wu Jian
Yredelemnul


Innate Abilities, Weirdness & Mutations

You cannot wear most types of armour.
You are amphibious.
You can wear up to eight rings at the same time.
Your skin changes colour to match your surroundings (Stealth+).
Your rubbery body absorbs attacks. (AC +1, EV +1)
((You are camouflaged when in or above water. (Stealth+)))
You have tentacles for arms and can constrict up to eight enemies at once.


Message History

You kill the hound!
Your Air Magic skill increases to level 2!
No target in view!
No target in view!
No target in view!
HP restored.
You see here a hound corpse.
A kobold comes into view.
It is wielding a +0 dagger and quivering poisoned darts.
The kobold shouts!
Casting: Poisonous Vapours (safe; 5% risk of failure)
Confirm with . or Enter, or press ? or * to list all spells.
Aiming: Poisonous Vapours (safe; 5% risk of failure)
Press: ? - help, Dir - move target, f - kobold
Aim: a kobold, wielding a +0 dagger and quivering poisoned darts Poisonous vapours surround the kobold!
The kobold is poisoned.
The kobold throws a poisoned dart.
The poisoned dart barely misses you.
You reach to attack!
You hit the kobold but do no damage.
The kobold is heavily wounded.
An ogre comes into view. It is wielding a +0 giant club.
The kobold throws a poisoned dart.
The poisoned dart hits you!
You are poisoned.
You reach to attack!
The ogre shouts!
You hit the kobold but do no damage.
The kobold is heavily wounded.
You feel very sick. The kobold hits you with a +0 dagger.
You hit the kobold.
You kill the kobold!
You feel sick.
Found 9 gold pieces.
You feel sick.
You reach to attack!
You hit the ogre.
The ogre is lightly wounded.
You feel sick.
You hit the ogre. You squeeze the ogre!
The ogre is severely wounded.
You feel sick.
The ogre hits you with a +0 giant club!!
Ouch! That really hurt!
You die...

######.##########..###
#.# #######†# . #.#
#.......# ..######.##
#.....###
..........####.....#
...................#
..........####.....#
.......)..#........#
......O@..#.##.....#
..........# #.....#
............########
..........###
..###.....# . .......
#.....#.. #$##......


You could see an ogre.

Vanquished Creatures
  A black bear (D:4)
  A hound (D:4)
  5 adders
  An orc (D:3)
  4 bats
  4 endoplasms
  4 giant cockroaches
  2 goblins
  8 hobgoblins
  6 jackals
  3 quokkas
  7 ball pythons
  2 frilled lizards
  5 kobolds
  3 rats
56 creatures vanquished.

Notes
Turn   | Place    | Note
-------+----------+-------------------------------------------
     0 | D:1      | Ijustatesigmund the Octopode Venom Mage began the quest for
                  | the Orb.
     0 | D:1      | Reached XP level 1. HP: 11/11 MP: 3/3
    89 | D:1      | Reached XP level 2. HP: 4/18 MP: 0/5
   152 | D:1      | Learned a level 2 spell: Poisonous Vapours
   483 | D:1      | Reached skill level 4 in Poison Magic
   582 | D:1      | Found a faded altar of an unknown god.
   695 | D:1      | Reached skill level 1 in Fighting
  1036 | D:2      | Reached XP level 3. HP: 16/23 MP: 3/6
  1066 | D:2      | Learned a level 3 spell: Mephitic Cloud
  1431 | D:2      | Reached skill level 1 in Air Magic
  1917 | D:2      | Reached XP level 4. HP: 28/28 MP: 4/7
  2761 | D:3      | Found a basalt altar of Yredelemnul.
  2901 | D:3      | Reached skill level 1 in Conjurations
  3317 | D:3      | Found an ornate altar of the Wu Jian Council.
  3419 | D:4      | Noticed a black bear
  3428 | D:4      | Killed a black bear
  3429 | D:4      | Reached XP level 5. HP: 30/34 MP: 1/9
  3506 | D:4      | Learned a level 4 spell: Olgreb's Toxic Radiance
  3558 | D:4      | Noticed an ogre
  3563 | D:4      | Slain by an ogre

Illustrated notes

Levels and vault maps discovered:
D:1:      psy_arrival_terrarium, layout_rooms, serial_bayou,
          serial_bayou_pond_d, serial_bayou_pond_e, serial_bayou_pond_a,
          serial_bayou_pond_b, dreamdust_ecumenical_altar_hidden_monk_grotto
D:2:      layout_loops_corners
D:3:      layout_loops_cross, mainiacjoe_overflow_alcove_4,
          nzn_wu_jian_council_hall, grunt_ministairs_13
D:4:      layout_rooms, nicolae_hepliaklqana_monster_ancestors,
          hangedman_decor_opposing, kennysheep_generic_room_9, uniq_eustachio

Skill      XL: |  1  2  3  4  5 |
---------------+----------------+-----
Poison Magic   | 4 |  4.9
Fighting       | 1 2 |  2.2
Air Magic      | 1 2 |  2.1
Conjurations   | 1 |  1.8
Spellcasting   | 3 |  3.1
Dodging        | |  2.0
Stealth        | |  2.6
Transmutations | |  1.0

Action                     |  1- 3 |  4- 6 || total
---------------------------+-------+-------++-------
  Melee: Unarmed           |    35 |       ||    35
         Tentacles         |    16 |    10 ||    26
         Constrict         |    12 |    10 ||    22
         Falchion          |    28 |     8 ||    36
         Spear             |       |    40 ||    40
         Punch             |       |     1 ||     1
   Cast: Sting             |    10 |       ||    10
         Poisonous Vapours |    17 |    22 ||    39
    Use: Scroll            |       |     8 ||     8
   Stab: Sleeping          |     3 |       ||     3
 Armour: Skin              |     6 |     2 ||     8
  Dodge: Dodged            |    45 |    26 ||    71
  Block: Other             |     7 |    10 ||    17
         Reflection        |     1 |       ||     1

Table legend: (Time is in decaauts)
 A = Elapsed time spent in this place.
 B = Non-inter-level travel time spent in this place.
 C = Inter-level travel time spent in this place.
 D = Time resting spent in this place.
 E = Time spent auto-exploring this place.
 F = Levels seen in this place.
 G = Mean time per level.
                   A        B        C        D        E       F      G
               +--------+--------+--------+--------+--------+-----+--------+
         Total |   3577 |   3485 |     92 |    626 |   2434 |   4 |  894.2 |
       Dungeon |   3577 |   3485 |     92 |    626 |   2434 |   4 |  894.2 |
               +--------+--------+--------+--------+--------+-----+--------+

Top non-repeatable levels by time:
     D:3: 1343 daAuts
     D:2: 1256 daAuts
     D:1: 798 daAuts
     D:4: 179 daAuts
